 Seeded DCSS version 0.29-a0-919-gd064cfad1c (webtiles) character file.

Game seed: 16022134512899868658 (custom seed)

3301 mathmaestro the Grave Robber (level 9, -2/69 HPs)
             Began as a Demonspawn Necromancer on July 26, 2022.
             Slain by an orc warrior
             ... wielding a +0 mace
              (17 damage)
             ... on level 7 of the Dungeon.
             The game lasted 00:22:28 (9636 turns).

mathmaestro the Grave Robber (DsNe)                 Turns: 9636, Time: 00:22:29

Health: -2/69      AC:  4    Str:  8    XL:     9   Next: 70%
Magic:  2/26       EV: 13    Int: 22    God:
Gold:   531        SH: 10    Dex: 13    Spells: 4/19 levels left

rFire   . . .      SeeInvis +   B - +1 dagger (freeze)
rCold   . . .      Faith    .   y - +0 buckler
rNeg    . . .      Spirit   .   v - +0 leather armour
rPois   .          Reflect  +   (no helmet)
rElec   .          Harm     .   C - scarf {repulsion}
rCorr   .          Rampage  .   (no gloves)
Will    .....                   e - +0 pair of boots
Stlth   ++........              c - amulet of reflection
HPRegen 0.21/turn               p - ring of magical power
MPRegen 0.20/turn               x - ring of see invisible

@: repel missiles
A: repulsion field 1, powered by death 1, demonic touch 1
a: no special abilities


You were on level 7 of the Dungeon.
You visited 1 branch of the dungeon, and saw 7 of its levels.

You collected 531 gold pieces.

Inventory:

Hand Weapons
 s - a +1 antimagic falchion
 B - a +1 dagger of freezing (weapon)
Missiles
 d - 10 boomerangs
 A - 2 throwing nets
Armour
 e - a +0 pair of boots (worn)
 v - a +0 leather armour (worn)
 y - a +0 buckler (worn)
 C - a scarf of repulsion (worn)
 D - the +7 scale mail "Huycsos" {rC+ rCorr}
   (You found it on level 6 of the Dungeon)

   rC:        It protects you from cold.
   rCorr:     It protects you from acid and corrosion.
Jewellery
 c - an amulet of reflection (around neck)
 p - a ring of magical power (left hand)
 x - a ring of see invisible (right hand)
Wands
 q - a wand of flame (6)
Scrolls
 h - 2 scrolls of magic mapping
 i - a scroll of teleportation
 l - a scroll of enchant armour
 m - a scroll of immolation {unknown}
 r - a scroll of torment {unknown}
 t - 3 scrolls of poison
 u - a scroll of vulnerability {unknown}
 z - 2 scrolls of amnesia
Potions
 a - a potion of lignification {unknown}
 b - a potion of magic
 f - a potion of attraction {unknown}
 g - 2 potions of flight
 j - 3 potions of curing
 k - a potion of might {unknown}
 n - a potion of mutation {unknown}
 o - 2 potions of haste
 w - a potion of degeneration {unknown}


   Skills:
 + Level 5.8 Fighting
 - Level 5.0 Armour
 - Level 2.0 Dodging
 - Level 2.0 Stealth
 + Level 4.2 Shields
 + Level 5.6 Spellcasting
 + Level 7.8 Necromancy
 - Level 5.0 Evocations


You had 4 spell levels left.
You knew the following spells:

 Your Spells              Type           Power      Damage    Failure   Level
a - Necrotise             Necr           100%       1d9       1%          1
b - Vampiric Draining     Necr           40%        2d8       1%          3
c - Animate Dead          Necr           40%        N/A       7%          4
d - Sublimation of Blood  Necr           40%        N/A       1%          2
e - Agony                 Necr           40%        N/A       19%         5

Your spell library contained the following spells:

 Spells                   Type           Power      Damage    Failure   Level
 Wereblood                Tmut           6%         N/A       26%         2
 Dazzling Flash           Conj/Hex       12%        N/A       45%         3
 Petrify                  Tmut/Erth      6%         N/A       86%         4
 Irradiate                Conj/Tmut      3%         3d12      99%         5
 Silence                  Hex/Air        3%         N/A       99%         5
 Summon Hydra             Summ           3%         N/A       100%        7


Dungeon Overview and Level Annotations

Branches:
Dungeon (7/15)
 Temple: D:4-7

Altars:
Dithmenos
Makhleb
Ru
Sif Muna

Annotations:
D:7 3 runed translucent doors


Innate Abilities, Weirdness & Mutations

You are surrounded by a mild repulsion field. (EV +2)
You regenerate a little health from kills.
Your touch may inflict minor irresistible damage on your foes.


Message History

Aiming: Vampiric Draining (safe; 1% risk of failure)
Press: ? - help, Shift-Dir - straight line, f/p - orc priest
Aim: an orc priest, wielding a +0 club and wearing a +0 leather armour (almost dead)
You draw life force from the orc priest!
You kill the orc priest!
You feel life coursing into your body. The orc warrior barely misses you.
The orc warrior attacks as you move away!
The orc warrior completely misses you.
The orc warrior attacks as you move away!
The orc warrior hits you with a +0 mace!
* * * LOW HITPOINT WARNING * * *
Casting: Vampiric Draining (safe; 1% risk of failure)
Confirm with . or Enter, or press ? or * to list all spells.
Aiming: Vampiric Draining (safe; 1% risk of failure)
Press: ? - help, Shift-Dir - straight line, f - orc warrior
Aim: an orc warrior, wielding a +0 mace and wearing a +0 plate armour (moderately wounded)
You draw life force from the orc warrior!
You feel life coursing into your body. You block the orc warrior's attack.
Unknown command.
Casting: Vampiric Draining (safe; 1% risk of failure)
Confirm with . or Enter, or press ? or * to list all spells.
Aiming: Vampiric Draining (safe; 1% risk of failure)
Press: ? - help, Shift-Dir - straight line, f/p - orc warrior
Aim: an orc warrior, wielding a +0 mace and wearing a +0 plate armour (severely wounded)
You draw life force from the orc warrior.
You feel life coursing into your body. You block the orc warrior's attack.
Unknown command.
Casting: Vampiric Draining (safe; 1% risk of failure)
Confirm with . or Enter, or press ? or * to list all spells.
Aiming: Necrotise (safe; 1% risk of failure)
Press: ? - help, Shift-Dir - straight line, f/p - orc warrior
Aim: an orc warrior, wielding a +0 mace and wearing a +0 plate armour (almost dead, chance to affect: 83%)
The orc warrior writhes in agony.
The orc warrior hits you with a +0 mace.
* * * LOW HITPOINT WARNING * * *
You feel better. You block the orc warrior's attack.
Unknown command.
The orc warrior attacks as you move away!
The orc warrior hits you with a +0 mace!
You die...

#### ....#...###. ♣P≈≈
.........#PP
♣P≈P###........≈..
♣≈≈≈....#.....≈P≈P
≈≈P.....##.>.≈≈≈PP
≈.....#......≈≈≈♣
####...#.......≈♣♣
.........@o.)..PP♣
####.......#..).≈≈≈≈♣
≈≈≈≈P.......#####..PP≈
≈≈≈≈........# ...P
≈≈≈≈≈......## #.........P.#..
≈PP≈≈......# #.......#.....#
≈≈≈P.......####.......#.....#
P≈≈........##................
P≈≈≈.....#.....##..........##


You could see an orc warrior.

Vanquished Creatures
  Pikel (D:5)
  Sigmund (D:2)
  A water moccasin (D:7)
  An orc warrior (D:6)
  3 ogres
  A sky beast (D:7)
  A centaur (D:6)
  A black bear (D:5)
  A lemure (D:4)
  3 phantoms
  A kobold brigand (D:6)
  A bullfrog (D:7)
  2 necrophages
  3 scorpions
  2 electric eels (D:7)
  A bullfrog zombie (D:4)
  6 hounds
  4 jellies
  2 gnoll boudas (D:6)
  5 orc priests
  Crazy Yiuf (D:5)
  A scorpion zombie (D:4)
  5 iguanas
  6 orc wizards
  A hound zombie (D:4)
  A hound skeleton (D:4)
  7 gnolls (D:6)
  A howler monkey skeleton (D:4)
  5 adders
  A shadow imp (D:6)
  An ufetubus (D:4)
  An adder zombie (D:4)
  An adder skeleton (D:4)
  6 dart slugs (D:1)
  20 orcs
  5 endoplasms
  3 giant cockroaches
  9 goblins
  8 hobgoblins
  3 jackals (D:1)
  5 quokkas
  5 ball pythons
  6 bats
  A frilled lizard (D:1)
  5 kobolds
  4 rats
153 creatures vanquished.

Vanquished Creatures (collateral kills)
  A water moccasin skeleton (D:4)
  A hound zombie (D:4)
  An ufetubus (D:5)
  An adder zombie (D:4)
  A dart slug (D:5)
  An orc (D:5)
  A goblin (D:2)
  A jackal (D:1)
  A bat (D:1)
  A frilled lizard (D:2)
10 creatures vanquished.

Vanquished Creatures (others)
  13 plants
13 creatures vanquished.

Grand Total: 176 creatures vanquished

Notes
Turn   | Place    | Note
-------+----------+-------------------------------------------
     0 | D:1      | mathmaestro the Demonspawn Necromancer began the quest for
                  | the Orb.
     0 | D:1      | Reached XP level 1. HP: 13/13 MP: 3/3
   190 | D:1      | Gained mutation: You are surrounded by a mild repulsion
                  | field. (EV +2) [demonic ancestry]
   190 | D:1      | Reached XP level 2. HP: 20/20 MP: 0/5
   496 | D:1      | Reached skill level 1 in Fighting
   622 | D:1      | Found a faded altar of an unknown god.
   655 | D:1      | Reached XP level 3. HP: 26/26 MP: 4/6
   659 | D:1      | Learned a level 3 spell: Vampiric Draining
  1561 | D:1      | Reached skill level 1 in Armour
  1719 | D:2      | Noticed Sigmund
  1841 | D:2      | Killed Sigmund
  1842 | D:2      | Reached skill level 5 in Necromancy
  1842 | D:2      | Reached skill level 1 in Evocations
  1842 | D:2      | Reached XP level 4. HP: 29/33 MP: 8/8
  1842 | D:2      | Gained mutation: You regenerate a little health from kills.
                  | [demonic ancestry]
  1842 | D:2      | Reached XP level 5. HP: 34/38 MP: 9/9
  2260 | D:2      | Learned a level 4 spell: Animate Dead
  2753 | D:3      | Found a shadowy altar of Dithmenos.
  3531 | D:4      | Reached XP level 6. HP: 15/36 MP: 10/10
  3698 | D:5      | Entered Level 5 of the Dungeon
  3733 | D:5      | Found a burning altar of Makhleb.
  4090 | D:5      | Noticed Pikel
  4488 | D:5      | Killed Pikel
  4489 | D:5      | Reached skill level 1 in Shields
  4489 | D:5      | Reached skill level 6 in Necromancy
  4489 | D:5      | Reached XP level 7. HP: 45/53 MP: 4/13
  4753 | D:5      | Gained mutation: Your touch may inflict minor irresistible
                  | damage on your foes. [demonic ancestry]
  4753 | D:5      | Reached XP level 8. HP: 47/60 MP: 14/14
  5350 | D:5      | Found a runed translucent door.
  5351 | D:5      | Noticed Crazy Yiuf
  5359 | D:5      | Killed Crazy Yiuf
  6404 | D:6      | Identified the +7 scale mail "Huycsos" {rC+ rCorr}
  6680 | D:6      | Found a shimmering blue altar of Sif Muna.
  6743 | D:6      | Found a sacrificial altar of Ru.
  6778 | D:6      | Reached skill level 7 in Necromancy
  6948 | D:6      | Reached XP level 9. HP: 64/67 MP: 16/16
  7213 | D:6      | Learned a level 2 spell: Sublimation of Blood
  7219 | D:6      | Learned a level 5 spell: Agony
  7394 | D:4      | Reached skill level 5 in Fighting
  7436 | D:4      | Reached skill level 5 in Spellcasting
  9064 | D:6      | Reached skill level 5 in Evocations
  9290 | D:7      | Found a runed translucent gate.
  9290 | D:7      | Found a runed translucent gate.
  9298 | D:7      | Found a runed translucent gate.
  9445 | D:7      | Reached skill level 5 in Armour
  9636 | D:7      | Slain by an orc warrior

Illustrated notes

Levels and vault maps discovered:
D:1:      amcnicky_arrival_feature_with_door, layout_basic,
          shapermc_ecumenical_altar_venn
D:2:      layout_basic, grunt_ministairs_15, uniq_sigmund
D:3:      layout_rooms, mainiacjoe_overflow_paths, nicolae_hexahallways,
          lemuel_old_faithful
D:4:      minmay_general_purpose_star, layout_loops_ring, serial_undead,
          serial_undead_c, serial_undead_c, serial_undead_a, serial_undead_b,
          serial_undead_d, nicolae_ossuary_entry_false_entrances
D:5:      layout_rooms, mainiacjoe_overflow_tiny_flanked, grunt_ministairs_10,
          uniq_crazy_yiuf_cottage, uniq_pikel
D:6:      layout_loops_ring, good_gods_temple_1,
          mainiacjoe_overflow_cross_hatched, mainiacjoe_overflow_chevrons
D:7:      layout_cave_pools, minmay_temple_entry_fiery, gammafunk_ghost_icy,
          serial_bayou, serial_bayou_pond_e, serial_bayou_shore_a,
          serial_bayou_lake_a, serial_bayou_pond_b, serial_bayou_pond_c,
          serial_bayou_pond_c, hellmonk_bongcloud_opening, uniq_maggie

Skill      XL: |  1  2  3  4  5  6  7  8  9 |
---------------+----------------------------+-----
Stealth        | 2 |  2.0
Dodging        | 2 |  2.0
Fighting       | 1 2 3 4 5 |  5.8
Armour         | 1 2 3 4 5 |  5.0
Spellcasting   | 3 4 5 |  5.6
Necromancy     | 5 6 7 |  7.8
Evocations     | 1 2 3 4 5 |  5.0
Shields        | 1 2 3 4 |  4.2

Action                   |  1- 3 |  4- 6 |  7- 9 || total
-------------------------+-------+-------+-------++-------
Melee: Unarmed           |     4 |       |       ||     4
       Dagger            |     6 |   126 |   420 ||   552
 Cast: Necrotise         |    62 |    79 |   109 ||   250
       Vampiric Draining |     2 |     6 |    65 ||    73
Evoke: Wand              |       |     2 |     2 ||     4
  Use: Scroll            |       |     4 |     9 ||    13
       Potion            |       |     2 |     1 ||     3
 Stab: Sleeping          |     1 |     1 |     2 ||     4
Armor: Robe              |     3 |     2 |       ||     5
       Leather armour    |       |    24 |    79 ||   103
Dodge: Dodged            |    17 |   100 |   263 ||   380
       Repelled          |       |       |     1 ||     1
Block: Buckler           |       |    12 |   222 ||   234
       Reflection        |       |       |     2 ||     2

Table legend: (Time is in decaauts)
 A = Elapsed time spent in this place.
 B = Non-inter-level travel time spent in this place.
 C = Inter-level travel time spent in this place.
 D = Time resting spent in this place.
 E = Time spent auto-exploring this place.
 F = Levels seen in this place.
 G = Mean time per level.
                   A        B        C        D        E       F      G
               +--------+--------+--------+--------+--------+-----+--------+
         Total |   9668 |   9375 |    293 |   3253 |   4194 |   7 | 1381.1 |
       Dungeon |   9668 |   9375 |    293 |   3253 |   4194 |   7 | 1381.1 |
               +--------+--------+--------+--------+--------+-----+--------+

Top non-repeatable levels by time:
     D:4: 2437 daAuts
     D:6: 1982 daAuts
     D:1: 1755 daAuts
     D:5: 1299 daAuts
     D:2: 913 daAuts
     D:3: 699 daAuts
     D:7: 581 daAuts
